 Dungeon Crawl Stone Soup version 0.30-a0-459-g9104f0fc43 (webtiles) character file.

Game seed: 5424241236804320965

10611 mccafe the Fighter (level 12, -6/112 HPs)
             Began as a Meteoran Reaver on Dec 14, 2022.
             Was a High Priest of Okawaru.
             Mangled by a cyclops (15 damage)
             ... on level 1 of the Orcish Mines on Dec 15, 2022.
             The game lasted 01:08:45 (5672 turns).

mccafe the Fighter (Meteoran Reaver)                Turns: 5672, Time: 01:08:46

Health: -6/112     AC:  8    Str: 21    XL:     12   Next: 22%
Magic:  18/22      EV: 12    Int: 18    God:    Okawaru [*****.]
Gold:   1108       SH:  5    Dex: 18    Spells: 4/23 levels left

rFire   . . .      SeeInvis +    t - +12 short sword "Nepro" {spect, Contam Dex+4 SInv Stlth+}
rCold   . . .      Faith    .    (no shield)
rNeg    . . .      Spirit   .    n - +0 swamp dragon scales
rPois   +          Reflect  +    (no helmet)
rElec   .          Harm     .    r - +0 cloak
rCorr   .          Rampage  .    (no gloves)
Will    +....                    (no boots)
Stlth   +.........               a - amulet of reflection
HPRegen 0.38/turn                d - ring of wizardry
MPRegen 0.18/turn                m - +6 ring of strength

@: glowing
A: sense surroundings 2, otherworldly, glowing, explore regen
a: Renounce Religion, Heroism, Finesse, Duel


You were on level 1 of the Orcish Mines.
You worshipped Okawaru.
Okawaru was extremely pleased with you.
You visited 3 branches of the dungeon, and saw 11 of its levels.
You also visited: Sewer and Ossuary.

You collected 1158 gold pieces.
You spent 50 gold pieces at shops.

Inventory:

Hand Weapons
 t - the +12 short sword "Nepro" (weapon) {spect, Contam Dex+4 SInv Stlth+}
   (You took it off a kobold brigand on level 3 of the Dungeon)

   When its wielder attacks, the weapon's spirit leaps out and strikes again.
   The spirit shares a part of any damage it takes with its wielder.
   Dex:       It affects your dexterity (+4).
   SInv:      It lets you see invisible.
   Contam:    It causes magical contamination when unequipped.
   Stlth:     It makes you more stealthy.
Missiles
 q - 9 poisoned darts
 x - 8 curare-tipped darts
 F - 11 boomerangs (quivered)
 I - a throwing net
Armour
 c - a +0 chain mail
 n - +0 swamp dragon scales (worn)
 r - a +0 cloak (worn)
 H - an orb of wrath
 Q - +0 steam dragon scales
Jewellery
 a - an amulet of reflection (around neck)
 d - a ring of wizardry (left hand)
 f - a ring of protection from fire
 m - a +6 ring of strength (right hand)
 w - a ring of protection from cold
 T - a +4 ring of evasion
Wands
 b - a wand of flame (40)
 A - a wand of paralysis (10)
 D - a wand of digging (6)
 G - a wand of roots (3)
 N - a wand of polymorph (5)
Scrolls
 h - 2 scrolls of enchant weapon
 i - 6 scrolls of teleportation
 l - 2 scrolls of magic mapping
 o - a scroll of acquirement {unknown}
 p - 5 scrolls of noise
 s - a scroll of butterflies {unknown}
 v - 4 scrolls of immolation
 y - 2 scrolls of enchant armour {unknown}
 E - 4 scrolls of amnesia
 L - 2 scrolls of vulnerability {unknown}
 M - a scroll of poison
 R - 3 scrolls of blinking {unknown}
 S - a scroll of identify
 U - a scroll of silence {unknown}
Potions
 e - 2 potions of attraction
 g - a potion of brilliance {unknown}
 j - 8 potions of heal wounds
 k - 5 potions of flight
 u - a potion of ambrosia
 z - a potion of cancellation {unknown}
 B - 7 potions of curing
 C - 2 potions of invisibility {unknown}
 J - a potion of haste {unknown}
 K - 3 potions of mutation {unknown}
 O - 4 potions of might
 P - a potion of magic {unknown}


   Skills:
 + Level 12.0 Fighting
 - Level 10.0 Short Blades
 - Level 6.7 Maces & Flails
 - Level 3.2 Throwing
 - Level 1.0 Armour
 - Level 2.4 Dodging
 - Level 6.0 Spellcasting
 - Level 3.6 Conjurations
 + Level 4.6 Transmutations
 - Level 4.0 Ice Magic
 + Level 4.2 Poison Magic
 - Level 7.6 Invocations


You had 4 spell levels left.
You knew the following spells:

 Your Spells              Type           Power      Damage    Failure   Level
a - Kiss of Death         Conj/Necr      44%        2d8       4%          1
b - Momentum Strike       Conj/Tloc      22%        3d8       6%          2
c - Hailstorm             Conj/Ice       19%        3d6       5%          3
d - Frozen Ramparts       Ice            38%        1d6       4%          3
e - Wereblood             Tmut           22%        N/A       1%          2
f - Sting                 Tmut/Pois      84%        1d7       1%          1
g - Ignite Poison         Fire/Tmut/Pois 16%        N/A       8%          3
h - Olgreb's Toxic Radia  Pois           20%        N/A       14%         4

Your spell library contained the following spells:

 Spells                   Type           Power      Damage    Failure   Level
 Beastly Appendage        Tmut           44%        N/A       1%          1
 Freeze                   Ice            76%        1d8       1%          1
 Spider Form              Tmut/Pois      21%        N/A       4%          3
 Poisonous Vapours        Pois/Air       24%        N/A       5%          2
 Slow                     Hex            20%        N/A       9%          1
 Confusing Touch          Hex            5%         N/A       24%         3
 Kindle Blastsparks       Fire/Tloc/Air  10%        2d10      24%         3
 Vampiric Draining        Necr           5%         2d6       24%         3
 Freezing Cloud           Conj/Ice/Air   7%         6-21      58%         5
 Chain Lightning          Conj/Air       5%         3d7       100%        9
 Fire Storm               Conj/Fire      5%         8d2       100%        9
 Shatter                  Erth           2%         3d6*      100%        9


Dungeon Overview and Level Annotations

Branches:
Dungeon (9/15) Zot: 603    Temple (1/1) D:6 Zot: 396     Orc (1/2) D:9 Zot: 453
  Sewer (visited)         Ossuary (visited)
   Lair: D:8-11

Altars:
Ashenzari
Cheibriados
Dithmenos
Elyvilon
Fedhas
Gozag
Hepliaklqana
Kikubaaqudgha
Makhleb
Nemelex Xobeh
Okawaru
Qazlal
Ru
Sif Muna
Trog
Uskayaw
Vehumet
Wu Jian
Yredelemnul
Zin
The Shining One

Shops:
D:5 *

Annotations:
D:9 2 transporters, cforsyth's ghost, journeyman TrFi


Innate Abilities, Weirdness & Mutations

You passively map the area around you.
You are easily found by Zot.
You glow in the dark.
You regain HP and MP as you explore.


Message History

The orc knight is severely wounded.
The orc seems to burn from within!!!
You kill the orc!
The orc seems to burn from within!
You kill the orc!
The ogre seems to burn from within!!
You kill the ogre!
Okawaru accepts your kill.
The orc knight is poisoned.
Your toxic aura wanes.
The wall freezes the orc knight.
The orc knight shoots a bolt.
The bolt barely misses you.
Your frozen ramparts will break if you move.
Continue?
The frozen ramparts melt away as you move.
The orc knight unwields a +0 arbalest.
The orc knight wields a +0 war axe.
The orc knight hits you with a +0 war axe!!
Things that are here:
a +0 flail; a +0 leather armour; an orc corpse You puncture the orc knight!
The orc knight is severely wounded.
Your +12 short sword "Nepro" {spect, Contam Dex+4 SInv Stlth+} hits the orc knight!
You barely miss the orc knight.
The orc knight is almost dead.
Your +12 short sword "Nepro" {spect, Contam Dex+4 SInv Stlth+} hits the orc knight!
You kill the orc knight!
Okawaru accepts your kill.
Your Fighting skill increases to level 12!
Your Poison Magic skill increases to level 4!
A cyclops comes into view.
The cyclops throws a large rock.
The large rock hits you!!
You see here a +0 giant spiked club.
The cyclops throws a large rock.
The large rock misses you.
Things that are here:
a +0 flail; a +0 leather armour; an orc corpse The cyclops throws a large rock.
The large rock hits you!!!
* * * LOW HITPOINT WARNING * * *
You hit the cyclops but do no damage.
Your +12 short sword "Nepro" {spect, Contam Dex+4 SInv Stlth+} hits the cyclops!
The cyclops hits you!
You die...

#....#...........
######.#.........###. ##
#....####.###.#...##.
##.##.....##...#####.#.#.
#^.....#>...#### ####..
##....##.....# *#....#
##....#....## #......
##.....#### ##.....
#...(@.## ####..
##...C..### ##.
###.#.#))## ## #####...#
##..## ,# #..)## ..##
##....#....# * *
#..)))......,
,#....(...#.. ,


You could see a cyclops and a friendly +12 short sword "Nepro" {spect, Contam
Dex+4 SInv Stlth+} (summoned).

Vanquished Creatures
  Erica (D:8)
  An orc knight (Orc:1)
  Pikel (D:6)
  A deep elf pyromancer (D:6)
  A manticore (D:6)
  Joseph (D:8)
  A troll (D:6)
  Grinder (D:5)
  A slime creature (D:6)
  3 vampires
  A wraith (D:6)
  9 yaks
  3 steam dragons
  Menkaure (D:4)
  An acid dragon (D:9)
  3 water moccasins
  2 orc warriors (D:9)
  2 ice beasts
  A sky beast (D:6)
  2 black bears
  2 ogres
  7 centaurs
  3 lemures (D:6)
  A phantom (D:7)
  4 kobold brigands
  5 elf zombies (Ossuary)
  5 bullfrogs
  Blork the orc (D:6)
  2 necrophages
  3 scorpions
  8 wights (D:9)
  6 killer bees (D:9)
  A howler monkey (D:5)
  5 centaur zombies (Ossuary)
  5 hounds
  2 jellies
  A gnoll bouda (D:5)
  Crazy Yiuf (D:2)
  2 human zombies (Ossuary)
  4 orc priests
  2 iguanas
  A merfolk siren (Sewer)
  12 orc wizards
  A merfolk avatar (Sewer)
  3 mummies (Ossuary)
  Robin (D:3)
  3 gnolls (D:5)
  2 river rats (Sewer)
  13 adders
  A shadow imp (D:6)
  2 white imps
  2 ufetubi (D:6)
  3 worms
  2 dart slugs
  51 orcs
  3 bats
  3 endoplasms
  5 giant cockroaches
  17 goblins
  8 hobgoblins
  17 kobolds
  2 quokkas
  14 ball pythons
  5 frilled lizards
  27 rats
305 creatures vanquished.

Vanquished Creatures (others)
  2 adders
  A kobold (D:7)
  A plant (D:2)
4 creatures vanquished.

Grand Total: 309 creatures vanquished

Notes
Turn   | Place    | Note
-------+----------+-------------------------------------------
     0 | D:1      | mccafe the Meteoran Reaver began the quest for the Orb.
     0 | D:1      | Reached XP level 1. HP: 17/17 MP: 5/5
   177 | D:1      | Reached XP level 2. HP: 20/24 MP: 6/6
   348 | D:1      | Found a faded altar of an unknown god.
   498 | D:1      | Glimpsed the power of Zot.
   538 | D:2      | Reached skill level 5 in Maces & Flails
   538 | D:2      | Reached XP level 3. HP: 20/25 MP: 6/8
   599 | D:2      | Learned a level 2 spell: Momentum Strike
   603 | D:2      | Learned a level 3 spell: Hailstorm
   615 | D:2      | Reached skill level 1 in Armour
   636 | D:2      | Reached XP level 4. HP: 35/35 MP: 9/9
  1075 | D:2      | Found a runed translucent door.
  1076 | D:2      | Noticed Crazy Yiuf
  1084 | D:2      | Killed Crazy Yiuf
  1085 | D:2      | Reached skill level 3 in Fighting
  1085 | D:2      | Reached skill level 1 in Throwing
  1085 | D:2      | Reached XP level 5. HP: 24/45 MP: 10/10
  1105 | D:2      | Glimpsed the power of Zot.
  1129 | D:3      | Noticed Robin
  1132 | D:3      | Killed Robin
  1385 | D:3      | Noticed a kobold brigand
  1391 | D:3      | Noticed a kobold brigand
  1484 | D:3      | Identified the +12 short sword "Nepro" {spect, Contam Dex+4
                  | SInv Stlth+}
  1495 | D:3      | Killed a kobold brigand
  1496 | D:3      | Reached XP level 6. HP: 16/52 MP: 5/11
  1501 | D:3      | Reached skill level 4 in Fighting
  1514 | D:3      | Learned a level 3 spell: Frozen Ramparts
  1642 | D:3      | Found a glowing drain.
  1652 | Sewer    | Entered a sewer
  1715 | Sewer    | Reached XP level 7. HP: 57/59 MP: 8/12
  1725 | Sewer    | Reached skill level 1 in Short Blades
  2137 | D:4      | Noticed Menkaure
  2145 | D:4      | Killed Menkaure
  2349 | D:4      | Learned a level 2 spell: Wereblood
  2394 | D:5      | Entered Level 5 of the Dungeon
  2422 | D:5      | Reached skill level 5 in Fighting
  2422 | D:5      | Reached XP level 8. HP: 68/68 MP: 11/13
  2607 | D:5      | Reached skill level 5 in Short Blades
  2741 | D:5      | Reached skill level 6 in Fighting
  2805 | D:5      | Noticed Grinder
  2805 | D:5      | Paralysed by Grinder for 5 turns
  2822 | D:5      | Killed Grinder
  2823 | D:5      | Gained mutation: You passively map the area around you.
                  | [Meteoran growth]
  2823 | D:5      | Reached XP level 9. HP: 27/78 MP: 2/14
  2928 | D:5      | Found Fyntohu's Serpentskin Sales.
  2945 | D:5      | Bought 6 curare-tipped darts for 50 gold pieces
  2945 | D:5      | Upgraded the game from 0.30-a0-458-g86641cc369 to
                  | 0.30-a0-459-g9104f0fc43
  3087 | D:6      | Noticed Pikel
  3110 | D:6      | Killed Pikel
  3111 | D:6      | Reached skill level 7 in Fighting
  3171 | D:6      | Noticed Blork the orc
  3187 | D:6      | Killed Blork the orc
  3287 | D:6      | Found a staircase to the Ecumenical Temple.
  3292 | D:6      | Reached XP level 10. HP: 88/88 MP: 11/15
  3302 | Temple   | Entered the Ecumenical Temple
  3485 | Temple   | Became a worshipper of Warmaster Okawaru
  3576 | D:6      | Reached skill level 8 in Fighting
  3775 | D:7      | Reached skill level 1 in Invocations
  4016 | D:7      | Reached skill level 10 in Short Blades
  4112 | D:6      | Reached * piety under Okawaru
  4123 | D:6      | Reached skill level 9 in Fighting
  4146 | D:6      | Noticed a manticore
  4146 | D:6      | Noticed a deep elf pyromancer
  4159 | D:6      | Reached skill level 5 in Invocations
  4168 | D:6      | Killed a manticore
  4168 | D:6      | Reached ** piety under Okawaru
  4181 | D:6      | Killed a deep elf pyromancer
  4182 | D:6      | Reached skill level 10 in Fighting
  4281 | D:6      | Reached XP level 11. HP: 99/99 MP: 17/17
  4432 | D:8      | Noticed Erica
  4433 | D:8      | Noticed Joseph
  4449 | D:8      | Killed Erica
  4449 | D:8      | Reached *** piety under Okawaru
  4478 | D:8      | Killed Joseph
  4555 | D:8      | Found a sand-covered staircase.
  4564 | Ossuary  | Entered an ossuary
  4594 | Ossuary  | Reached skill level 11 in Fighting
  4611 | Ossuary  | Reached **** piety under Okawaru
  4649 | Ossuary  | Reached skill level 5 in Spellcasting
  4888 | D:8      | Reached skill level 1 in Transmutations
  4923 | D:8      | Learned a level 1 spell: Sting
  4927 | D:8      | Learned a level 3 spell: Ignite Poison
  4932 | D:8      | Learned a level 4 spell: Olgreb's Toxic Radiance
  4984 | D:8      | Noticed a +0 falchion
  4985 | D:8      | Noticed a +0 dagger
  4985 | D:8      | Noticed a +0 short sword
  4985 | D:8      | Noticed a +0 dagger
  4986 | D:8      | Noticed a +0 short sword
  4987 | D:8      | Noticed a +0 spear
  4987 | D:8      | Noticed a +0 spear
  4988 | D:8      | Noticed a +0 falchion
  4992 | D:8      | Found a hide-covered altar of Uskayaw.
  5028 | D:9      | Found a transporter.
  5054 | D:9      | Reached skill level 1 in Poison Magic
  5058 | D:9      | Reached ***** piety under Okawaru
  5073 | D:9      | Found a transporter.
  5074 | D:9      | Noticed cforsyth's ghost (journeyman TrFi)
  5235 | D:9      | Found a staircase to the Orcish Mines.
  5246 | D:9      | Reached XP level 12. HP: 110/111 MP: 1/22
  5522 | Orc:1    | Entered Level 1 of the Orcish Mines
  5623 | Orc:1    | Noticed an orc knight
  5644 | Orc:1    | Killed an orc knight
  5645 | Orc:1    | Reached skill level 12 in Fighting
  5672 | Orc:1    | Mangled by a cyclops

Illustrated notes

Levels and vault maps discovered:
D:1:      minmay_arrival_diagonal_passages, layout_rooms,
          shapermc_ecumenical_altar_mp_vishouse
D:2:      layout_loops_ring, serial_forest, infiniplex_forest_clump_C,
          infiniplex_forest_clump_small, infiniplex_forest_3_way,
          infiniplex_forest_clump_double, infiniplex_forest_end_double,
          infiniplex_forest_clump_medium, uniq_crazy_yiuf_cottage
D:3:      cheibrodos_thug_alley, layout_rooms, cheibrodos_sewer_entry_bend,
          uniq_robin
D:4:      layout_basic, uniq_menkaure
D:5:      layout_loops_ring, guppyfry_shop_venom, uniq_grinder
D:6:      minmay_klotski, layout_basic, temple_fountains, serial_bayou_pond_e,
          uniq_pikel, uniq_blork_the_orc
D:7:      layout_layer_cave
D:8:      layout_rooms, nicolae_uskayaw_en_pointe,
          lightli_ossuary_entry_decrepit_ruins, uniq_joseph, uniq_erica
D:9:      layout_cross, hiddenorc2_lemuel, gammafunk_ghost_hive
Temple:   mainiacjoe_temple_circle_huts
Orc:1:    layout_diamond_mine, serial_shops, nicolae_shop_crystal,
          nicolae_shop_firing_range

Skill      XL: |  1  2  3  4  5  6  7  8  9 10 11 12 |
---------------+-------------------------------------+-----
Maces & Flails | 5 6 |  6.7
Armour         | 1 |  1.0
Fighting       | 3 4 5 6 7 10 11 12 | 12.0
Throwing       | 1 2 3 |  3.2
Short Blades   | 3 6 9 10 | 10.0
Invocations    | 7 |  7.6
Spellcasting   | 6 |  6.0
Ice Magic      | 4 |  4.0
Transmutations | 3 4 |  4.6
Poison Magic   | 2 4 |  4.2
Dodging        | |  2.4
Conjurations   | |  3.6

Action                   |  1- 3 |  4- 6 |  7- 9 | 10-12 || total
-------------------------+-------+-------+-------+-------++-------
Melee: Mace              |    22 |       |       |       ||    22
       Whip              |    26 |    77 |       |       ||   103
       Short sword       |       |    14 |   152 |   296 ||   462
       Punch             |       |       |     1 |     7 ||     8
Throw: Dart              |       |     2 |    30 |     8 ||    40
       Boomerang         |       |       |     1 |     3 ||     4
 Cast: Kiss of Death     |     2 |       |       |       ||     2
       Momentum Strike   |       |     3 |     7 |     2 ||    12
       Hailstorm         |       |     1 |     4 |     2 ||     7
       Frozen Ramparts   |       |     1 |    15 |    19 ||    35
       Wereblood         |       |       |     5 |    11 ||    16
       Olgreb's Toxic Ra |       |       |       |     6 ||     6
       Ignite Poison     |       |       |       |     5 ||     5
       Sting             |       |       |       |     1 ||     1
Invok: Heroism           |       |       |       |     2 ||     2
Evoke: Wand              |       |       |       |     1 ||     1
  Use: Scroll            |       |     6 |     1 |     6 ||    13
       Potion            |       |     1 |     1 |     2 ||     4
 Stab: Distracted        |       |       |     1 |     2 ||     3
       Sleeping          |       |       |     2 |       ||     2
Armor: Leather armour    |    17 |    12 |    22 |     3 ||    54
       Steam dragon scal |       |       |       |    13 ||    13
       Swamp dragon scal |       |       |       |    39 ||    39
Dodge: Dodged            |    26 |    27 |    28 |   105 ||   186
Block: Other             |       |     9 |    19 |    38 ||    66
       Reflection        |       |       |     1 |     6 ||     7

Table legend: (Time is in decaauts)
 A = Elapsed time spent in this place.
 B = Non-inter-level travel time spent in this place.
 C = Inter-level travel time spent in this place.
 D = Time resting spent in this place.
 E = Time spent auto-exploring this place.
 F = Levels seen in this place.
 G = Mean time per level.
                   A        B        C        D        E       F      G
               +--------+--------+--------+--------+--------+-----+--------+
         Total |   5522 |   5241 |    281 |      0 |    939 |  13 |  424.8 |
       Dungeon |   4796 |   4515 |    281 |      0 |    939 |   9 |  532.9 |
        Temple |    203 |    203 |      0 |      0 |      0 |   1 |  203.0 |
  Orcish Mines |    146 |    146 |      0 |      0 |      0 |   1 |  146.0 |
         Sewer |    231 |    231 |      0 |      0 |      0 |   1 |  231.0 |
       Ossuary |    144 |    144 |      0 |      0 |      0 |   1 |  144.0 |
               +--------+--------+--------+--------+--------+-----+--------+

Top non-repeatable levels by time:
     D:5: 660 daAuts
     D:2: 617 daAuts
     D:6: 589 daAuts
     D:3: 565 daAuts
     D:7: 502 daAuts
     D:1: 500 daAuts
     D:4: 490 daAuts
     D:9: 461 daAuts
     D:8: 409 daAuts
   Sewer: 231 daAuts
  Temple: 203 daAuts
   Orc:1: 146 daAuts
 Ossuary: 144 daAuts
